 Dungeon Crawl Stone Soup version 0.17.1-1-g73c8601 (console) character file.

5654 Kloppie the Carver (level 10, -3/151 HPs)
             Began as a Minotaur Berserker on Dec 21, 2015.
             Was a High Priest of Trog.
             Slain by a seven-headed hydra (6 damage)
             ... on level 7 of the Dungeon.
             The game lasted 00:15:23 (8771 turns).

Kloppie the Carver (Minotaur Berserker)             Turns: 8771, Time: 00:15:23

Health: -3/151     AC: 14    Str: 27    XL:     10   Next: 46%
Magic:  9/9        EV: 19    Int: 11    God:    Trog [*****.]
Gold:   352        SH:  0    Dex: 11    Spells: 0 memorised, 9 levels left

rFire  . . .     SeeInvis .     b - +1 eveningstar {holy, rN+ AC+5 Int+5}
rCold  . . .     Clarity  +     y - +0 scale mail {rPois}
rNeg   + . .     SustAt   .     (no shield)
rPois  +         Gourm    .     (helmet restricted)
rElec  .         Spirit   .     g - +0 cloak
rCorr  .         Warding  .     f - +1 pair of gloves
rMut   .         Stasis   .     (no boots)
MR     ++...                    h - amulet of clarity
Stlth  ..........               v - ring of Shaolin {EV+8}
                                D - ring of loudness (curse)

@: berserking, regenerating, glowing, very quick, very resistant to hostile
enchantments, extremely unstealthy
A: retaliatory headbutt, horns 2
a: Berserk, Trog's Hand, Brothers in Arms, Burn Spellbooks, Renounce Religion


You were on level 7 of the Dungeon.
You worshipped Trog.
Trog was extremely pleased with you.
You were very hungry.

You visited 1 branch of the dungeon, and saw 8 of its levels.
You also visited: Sewer.

You collected 352 gold pieces.

Inventory:

Hand Weapons
 a - a +0 long sword
 b - the +1 eveningstar "Brilliance" (weapon) {holy, rN+ AC+5 Int+5}
   (You found it on level 5 of the Dungeon)

   It has been blessed by the Shining One to cause great damage to the undead
   and demons.
   It affects your AC (+5).
   It affects your intelligence (+5).
   It protects you from negative energy.
Armour
 f - a +1 pair of gloves (worn)
 g - a +0 cloak (worn)
 y - a +0 scale mail of poison resistance (worn)
Jewellery
 c - a +3 ring of strength
 h - an amulet of clarity (around neck)
 o - an uncursed ring of positive energy {unknown}
 v - the ring of Shaolin (right hand) {EV+8}
   (You found it on level 4 of the Dungeon)

   [ring of evasion]

   It affects your evasion (+8).
 D - a cursed ring of loudness (left hand)
Wands
 H - a wand of enslavement (12)
Scrolls
 d - 4 scrolls of teleportation
 m - 2 scrolls of fear
 E - a scroll of remove curse {unknown}
 J - a scroll of random uselessness {unknown}
Potions
 e - 2 potions of brilliance
 j - 6 potions of flight {unknown}
 l - 2 potions of poison {unknown}
 n - a potion of mutation {unknown}
 q - 4 potions of curing {unknown}
 s - 3 potions of heal wounds {unknown}
 t - a potion of agility {unknown}
 w - a potion of haste {unknown}
 z - a potion of resistance {unknown}
 A - a potion of invisibility {unknown}
 B - a potion of lignification {unknown}
 C - a potion of cancellation {unknown}
 I - a potion of might
Books
 k - a book of the Sky

   Spells                             Type                      Level
   a - Summon Lightning Spire         Summoning/Air                4
   b - Airstrike                      Air                          4
   c - Silence                        Hexes/Air                    5
   d - Deflect Missiles               Charms/Air                   6
   e - Conjure Ball Lightning         Conjuration/Air              6
   f - Tornado                        Air                          9
   Trog disapproves of the use of such an item.
 x - a book of Debilitation

   Spells                             Type                      Level
   a - Corona                         Hexes                        1
   b - Slow                           Hexes                        2
   c - Gell's Gravitas                Hexes/Translocation          3
   d - Inner Flame                    Hexes/Fire                   3
   e - Cause Fear                     Hexes                        4
   f - Leda's Liquefaction            Hexes/Earth                  4
   Trog disapproves of the use of such an item.
 G - a book of Air

   Spells                             Type                      Level
   a - Shock                          Conjuration/Air              1
   b - Swiftness                      Charms/Air                   2
   c - Repel Missiles                 Charms/Air                   2
   d - Static Discharge               Conjuration/Air              3
   e - Lightning Bolt                 Conjuration/Air              5
   Trog disapproves of the use of such an item.
Comestibles
 i - 3 beef jerkies
 p - 3 meat rations
 r - 5 fruits
 u - 6 bread rations
 F - 8 slices of pizza


   Skills:
 + Level 13.2 Fighting
 + Level 13.3 Long Blades
 - Level 2.4 Armour
 - Level 2.1 Dodging


You had 9 spell levels left.
You didn't know any spells.

Dungeon Overview and Level Annotations

Branches:
Dungeon (8/15)             Temple (0/1) D:6            Lair (0/8) D:8

Altars:
Cheibriados
Dithmenos
Elyvilon
Gozag
Makhleb
Ru
Trog
Xom


Innate Abilities, Weirdness & Mutations

You reflexively headbutt those who attack you in melee.
You have a pair of horns on your head.


Message History

You feel yourself moving faster!
You feel mighty!
You are feeling very hungry.
The adder closely misses you. You furiously retaliate!
You headbutt the adder!
You feel the power of Trog in you as your rage grows.
You kill the adder!
Trog accepts your kill.
The seven-headed hydra bites you but does no damage.
The seven-headed hydra closely misses you.
The seven-headed hydra misses you.
The seven-headed hydra bites you but does no damage.
The seven-headed hydra misses you.
The seven-headed hydra closely misses you. x2
You puncture the seven-headed hydra!
The seven-headed hydra is severely wounded.
The seven-headed hydra bites you.
* * * LOW HITPOINT WARNING * * *
The seven-headed hydra bites you!
* * * LOW HITPOINT WARNING * * *
The seven-headed hydra bites you.
You die...

.###.# #.# #.....
..##.####.########### #.####
....................##### #.# #.
..##.####.#####.#.#.#.#.## #.# #.
.###.###...###...........# #.###.
.....##.....###.#.#.#.#.## #.....
########...###...........# #####.
##.## ##.#.#.#.#.## ###. #.#
#..@........# #..# #.#
##D#.#.#.#.## ##.## ##'##
#...........# #.## ##
##...####.#.#.#.#.## ##.##
.######.....##...........# #..#
.....#.......##)#.#.#.#.## #...
.###.........รท.[.........#######.
..............#.#.#.#.#.#........
...#.....................#######.


You could see a seven-headed hydra.

Vanquished Creatures
  The ghost of TugoseryaHuesosov the Ruffian, a novice DrTm of Cheibriados (D:6)
  Grinder (D:4)
  Sigmund (D:5)
  A hog (D:7)
  A human (D:7)
  6 yaks (D:8)
  A hungry ghost (D:8)
  2 basilisks (D:8)
  Edmund (D:5)
  5 porcupines (D:8)
  A water moccasin (D:6)
  A phantom (D:6)
  A sky beast (D:5)
  3 black bears
  A necrophage (D:8)
  The ghost of Dickchan the Shooter, an amateur CeHu (D:4)
  A centaur (D:6)
  2 ogres (D:6)
  The ghost of Zex the Digger, an amateur GrEE (D:3)
  Blork the orc (D:4)
  5 giant frogs
  2 scorpions
  4 wights (D:6)
  A centaur zombie (D:4)
  A lava snake (D:8)
  5 hounds
  A quasit (D:8)
  2 giant frog zombies
  A crimson imp (D:8)
  An orc priest (D:8)
  Crazy Yiuf (D:5)
  2 giant frog skeletons
  A gnoll shaman (D:7)
  2 orc wizards
  Terence (D:2)
  2 iguanas
  6 worker ants
  3 sheep (D:7)
  Robin (D:2)
  12 adders
  4 river rats
  2 shadow imps
  An ooze (D:3)
  6 worms
  7 giant geckos
  14 orcs
  15 hobgoblins
  10 kobolds
  2 quokkas
  A ball python skeleton (D:4)
  16 bats
  7 giant cockroaches
  A giant gecko skeleton (D:4)
  A giant gecko zombie (D:7)
  9 giant newts
  15 goblins
  23 jackals
  2 quokka skeletons
  12 rats
  A plant (D:1)
236 creatures vanquished.

Vanquished Creatures (others)
  A fungus (D:8)
1 creature vanquished.

Grand Total: 237 creatures vanquished

Notes
Turn   | Place    | Note
--------------------------------------------------------------
     0 | D:1      | Kloppie the Minotaur Berserker began the quest for the Orb.
     0 | D:1      | Reached XP level 1. HP: 19/19 MP: 0/0
   340 | D:1      | Reached skill level 4 in Long Blades
   349 | D:1      | Reached XP level 2. HP: 25/27 MP: 1/1
  1358 | D:1      | Reached ** piety under Trog
  1361 | D:1      | Reached XP level 3. HP: 32/34 MP: 2/2
  1390 | D:2      | Found a burning altar of Makhleb.
  1494 | D:2      | Reached XP level 4. HP: 41/41 MP: 3/3
  1519 | D:2      | Reached skill level 5 in Fighting
  1681 | D:2      | Noticed Terence
  1692 | D:2      | Killed Terence
  1692 | D:2      | Reached skill level 5 in Long Blades
  1872 | D:2      | Found a shadowy altar of Dithmenos.
  1920 | D:2      | Noticed Robin
  1936 | D:2      | Killed Robin
  1936 | D:2      | Reached XP level 5. HP: 41/48 MP: 4/4
  2132 | D:2      | Reached *** piety under Trog
  2295 | D:3      | Reached skill level 6 in Fighting
  2480 | D:3      | Noticed Zex's ghost (amateur GrEE)
  2488 | D:3      | Killed Zex's ghost
  2488 | D:3      | Reached XP level 6. HP: 38/58 MP: 5/5
  3258 | D:4      | Noticed Dickchan's ghost (amateur CeHu)
  3263 | D:4      | Killed Dickchan's ghost
  3263 | D:4      | Reached skill level 7 in Fighting
  3425 | D:4      | Noticed Grinder
  3441 | D:4      | Killed Grinder
  3441 | D:4      | Reached XP level 7. HP: 42/67 MP: 6/6
  3664 | D:4      | Noticed Blork the orc
  3682 | D:4      | Killed Blork the orc
  3734 | D:4      | Reached skill level 8 in Fighting
  4128 | D:5      | Entered Level 5 of the Dungeon
  4209 | D:5      | Found a glowing drain.
  4211 | D:5      | Reached **** piety under Trog
  4216 | Sewer    | Entered a sewer
  4776 | D:5      | Reached XP level 8. HP: 75/75 MP: 7/7
  4828 | D:5      | Noticed Sigmund
  4843 | D:5      | Killed Sigmund
  4843 | D:5      | Reached skill level 9 in Fighting
  5043 | D:5      | Noticed Crazy Yiuf
  5056 | D:5      | Killed Crazy Yiuf
  5167 | D:5      | Noticed Edmund
  5184 | D:5      | Killed Edmund
  5480 | D:5      | Found a sacrificial altar of Ru.
  5713 | D:6      | Reached skill level 10 in Fighting
  5733 | D:6      | Noticed TugoseryaHuesosov's ghost (novice DrTm)
  5744 | D:6      | Reached skill level 10 in Long Blades
  5752 | D:6      | Killed TugoseryaHuesosov's ghost
  5752 | D:6      | Reached XP level 9. HP: 61/86 MP: 8/8
  5952 | D:6      | Reached skill level 11 in Fighting
  5956 | D:6      | Found a staircase to the Ecumenical Temple.
  6101 | D:6      | Found a snail-covered altar of Cheibriados.
  6102 | D:6      | Found a bloodstained altar of Trog.
  6106 | D:6      | Found a white marble altar of Elyvilon.
  6106 | D:6      | Found a shimmering altar of Xom.
  6484 | D:7      | Reached ***** piety under Trog
  6988 | D:7      | Reached skill level 12 in Fighting
  7487 | D:8      | Noticed a seven-headed hydra
  7543 | D:8      | Reached XP level 10. HP: 60/99 MP: 9/9
  7865 | D:8      | Reached skill level 13 in Fighting
  8168 | D:8      | Found an opulent altar of Gozag.
  8168 | D:8      | Found a staircase to the Lair.
  8180 | D:8      | Found a white marble altar of Elyvilon.
  8771 | D:7      | HP: 3/151 [seven-headed hydra (12)]
  8771 | D:7      | Slain by a seven-headed hydra

Action                   |  1- 3 |  4- 6 |  7- 9 | 10-12 || total
-------------------------+-------+-------+-------+-------++-------
Melee: Falchion          |    96 |   205 |   180 |       ||   481
       Long sword        |       |       |   156 |   107 ||   263
       Eveningstar       |       |       |     9 |     4 ||    13
Invok: Berserk           |       |     4 |       |     1 ||     5
       Trog's Hand       |       |     1 |       |     3 ||     4
  Use: Scroll            |       |       |    11 |     1 ||    12
  Eat: Chunk             |     2 |     7 |    10 |     6 ||    25
       Bread ration      |       |     1 |       |       ||     1
       Fruit             |       |     1 |       |       ||     1
       Pizza             |       |       |     1 |       ||     1
